 Dungeon Sprint DCSS version 0.25.1-2-g60ff931df9 (webtiles) character file.

Game seed: 6650786180218169847

653 Groucho the Unseen (level 7, -22/32 HPs)
             Began as a Spriggan Enchanter on Oct 28, 2020.
             Annihilated by a tyrant leech (33 damage)
             ... in the Dungeon (Sprint II: "The Violet Keep of Menkaure").
             The game lasted 00:02:38 (277 turns).

Groucho the Unseen (Spriggan Enchanter)              Turns: 277, Time: 00:02:38

Health: -22/32     AC:  2    Str:  6    XL:     7   Next: 28%
Magic:  5/21       EV: 21    Int: 16    God:
Gold:   729        SH:  0    Dex: 17    Spells: 19/25 levels left

rFire    . . .     SeeInvis +   a - +1 dagger
rCold    . . .     Gourm    .   (shield restricted)
rNeg     . . .     Faith    .   b - +0 robe
rPois    .         Spirit   .   (helmet restricted)
rElec    .         Reflect  .   (no cloak)
rCorr    .         Harm     .   (gloves unavailable)
MR       +....     NoTele   +   (boots unavailable)
Stlth    ++++++....             (no amulet)
HPRegen  0.10/turn              (no ring)
MPRegen  0.17/turn              (no ring)

@: very quick
A: very small, unfitting armour, see invisible, herbivore, speed 3, slow
metabolism 2
a: no special abilities


You were in the Dungeon.
You were not hungry.

You visited 1 branch You collected 729 gold pieces.

Inventory:

Hand Weapons
 a - a +1 dagger (weapon)
Armour
 b - a +0 robe (worn)
Scrolls
 j - a scroll of blinking
Potions
 e - a potion of curing
 f - a potion of heal wounds
 g - a potion of haste
 h - 2 potions of magic
 i - a potion of berserk rage
Comestibles
 d - a ration


   Skills:
 + Level 3.7 Short Blades
 + Level 5.6 Dodging
 - Level 15.3 Stealth
 + Level 9.9 Spellcasting
 + Level 10.2 Hexes


You had 19 spell levels left.
You knew the following spells:

 Your Spells              Type           Power        Failure   Level  Hunger
a - Corona                Hex            #####..      1%          1    None
b - Ensorcelled Hibernat  Hex/Ice        ###...       1%          2    None
c - Dazzling Flash        Conj/Hex       ###...       3%          3    None

Your spell library contained the following spells:

 Spells                   Type           Power        Failure   Level  Hunger
 Confusing Touch          Hex            #####...     1%          3    None
 Tukima's Dance           Hex            #####...     1%          3    None


Dungeon Overview and Level Annotations

Branches:
Dungeon (1/1)

Altars:


Innate Abilities, Weirdness & Mutations

You are very small and have problems with some larger weapons.
You are too small for most types of armour.
You have supernaturally acute eyesight. (SInv)
You are a herbivore.
You cover ground extremely quickly.
You need to consume almost no food.


Message History

Confirm with . or Enter, or press ? or * to list all spells.
Unknown command.
There is an open door here.
Casting: Dazzling Flash (dangerous; 4% risk of failure)
Confirm with . or Enter, or press ? or * to list all spells.
Casting: Dazzling Flash (dangerous; 4% risk of failure)
Confirm with . or Enter, or press ? or * to list all spells.
The tyrant leech is dazzled.
You miss the tyrant leech.
The tyrant leech is severely wounded.
You strike the helpless tyrant leech from behind!
You impale the tyrant leech!!
You kill the tyrant leech!
Your Short Blades skill gained 2 levels and is now at level 3!
Your Dodging skill gained 2 levels and is now at level 5!
Your Hexes skill increases to level 10!
You have reached level 7!
The tyrant leech bites you!!
Ouch! That really hurt!
You die...

##+## ##.#.##
#†.#..# #
###.# ## ##.
#'###.#
#..$##.##.###
#'.<.'##.+
#...##.##.w.#
##. ##'###@##
# ##...####
#.)#..#
##...## ##+##


You could see a tyrant leech.

Vanquished Creatures
  A merfolk siren (D)
  A tyrant leech (D)
  4 worker ants (D)
  3 worms (D)
9 creatures vanquished.

Vanquished Creatures (others)
  Menkaure (D)
  A crocodile (D)
2 creatures vanquished.

Grand Total: 11 creatures vanquished

Notes
Turn   | Place    | Note
-------+----------+-------------------------------------------
     0 | D        | Groucho the Spriggan Enchanter began the quest for the Orb.
     0 | D        | Reached XP level 1. HP: 9/9 MP: 5/5
     1 | D        | Noticed a tyrant leech
     1 | D        | Noticed a tyrant leech
    10 | D        | Reached skill level 5 in Stealth
    13 | D        | Reached skill level 6 in Stealth
    14 | D        | Reached XP level 2. HP: 13/13 MP: 5/7
    18 | D        | Learned a level 2 spell: Ensorcelled Hibernation
    29 | D        | Killed Menkaure
    41 | D        | Reached skill level 8 in Stealth
    41 | D        | Reached skill level 5 in Hexes
    41 | D        | Reached XP level 3. HP: 16/16 MP: 8/10
    42 | D        | Reached skill level 9 in Stealth
    42 | D        | Reached skill level 5 in Spellcasting
    44 | D        | Reached skill level 10 in Stealth
    44 | D        | Reached XP level 4. HP: 21/21 MP: 8/12
    52 | D        | Learned a level 3 spell: Dazzling Flash
    70 | D        | Killed a crocodile
   113 | D        | Noticed a merfolk siren
   116 | D        | Killed a merfolk siren
   116 | D        | Reached skill level 15 in Stealth
   116 | D        | Reached XP level 5. HP: 24/24 MP: 13/17
   116 | D        | Reached XP level 6. HP: 28/28 MP: 14/19
   274 | D        | Killed a tyrant leech
   274 | D        | Reached skill level 5 in Dodging
   274 | D        | Reached skill level 10 in Hexes
   274 | D        | Reached XP level 7. HP: 11/32 MP: 5/21
   277 | D        | Annihilated by a tyrant leech

Illustrated notes

Levels and vault maps discovered:
D:        the_violet_keep_of_menkaure [sprint2_stairs_cluster_1,
          sprint2_shoproom, sprint2_temple, sprint2_basic_supplies,
          sprint2_obstacle_3, sprint2_obstacle_5, sprint2_obstacle_1,
          sprint2_obstacle_4, sprint2_obstacle_7, sprint2_timed_cluster_1,
          sprint2_smallroom_cluster_1, sprint2_smallroom_final_cluster_1,
          sprint2_transparent_cluster_1, sprint2_second_timed_cluster_1,
          sprint2_sniper_area_1, sprint2_heavy_combat_area_1,
          sprint2_mutation_trap_area_1, sprint2_forest_area_1,
          sprint2_light_combat_area_1, sprint2_behind_water_1,
          sprint2_near_end_vault_1]

Skill      XL: |  1  2  3  4  5  6 |
---------------+-------------------+-----
Stealth        | 6 8 10 15 | 15.3
Spellcasting   | 3 4 5 9 |  9.9
Hexes          | 4 5 6 9 10 | 10.2
Short Blades   | 3 |  3.7
Dodging        | 5 |  5.6

Action                   |  1- 3 |  4- 6 |  7- 9 || total
-------------------------+-------+-------+-------++-------
Melee: Dagger            |     6 |     7 |       ||    13
 Cast: Ensorcelled Hiber |       |     3 |       ||     3
       Dazzling Flash    |       |     4 |       ||     4
 Stab: Sleeping          |     6 |     3 |       ||     9
       Invisible         |       |     1 |       ||     1
Dodge: Dodged            |       |     4 |       ||     4
